 Bloatcrawl 2 version 2.3.0-a0-108-gdc832c1 (webtiles) character file.

Game seed: 2629589317788588992, levelgen mode: deterministic

0 Someone4956 the Ducker (level 1, 2/2 HPs)
             Began as a Moonotaur Alchemist on Jan 19, 2020.
             Quit the game on level 1 of the Dungeon.
             The game lasted 00:00:23 (59 turns).

Someone4956 the Ducker (Moonotaur Alchemist)          Turns: 59, Time: 00:00:24

Health: 2/2        AC:  0    Str: 11    XL:     1   Next: 6%
Magic:  1/1        EV: 13    Int: 14    God:
Gold:   3          SH:  0    Dex: 14    Spells: 0/0 levels left Game modifiers: Zombie

rFire    + . .     SeeInvis .   a - +0 dagger
rCold    + + .     Gourm    .   (no shield)
rNeg     + + +     Faith    .   b - +0 robe
rPois    ∞         Spirit   .   g - -2 hat of the Alchemist {rElec rPois rF+ rC+ rN+ MR+ rMut rCorr}
rElec    +         Reflect  .   (no cloak)
rCorr    +         Harm     .   (no gloves)
rMut     +                      (no boots)
MR       +....                  (no amulet)
Stlth    ++........             (no ring)
HPRegen  0.01/turn              (no ring)
MPRegen  0.07/turn

@: rotting
A: reduce all damage to 1, reduced healing, unbreathing 1, negative energy
resistance 3, torment resistance 1, cold resistance 1, zombie 1, inhibited
regeneration 1, inhibited regeneration, no potion heal 3
a: no special abilities


You were on level 1 of the Dungeon.
You were not hungry.

You visited 1 branch of the dungeon, and saw 1 of its levels.

You collected 3 gold pieces.

Inventory:

Hand Weapons
 a - a +0 dagger (weapon)
Armour
 b - a +0 robe (worn)
 g - the -2 hat of the Alchemist (worn) {rElec rPois rF+ rC+ rN+ MR+ rMut rCorr}

   It protects you from fire.
   It protects you from cold.
   It insulates you from electricity.
   It protects you from poison.
   It protects you from negative energy.
   It affects your resistance to hostile enchantments.
   It provides partial protection from all sources of acid and corrosion.
   It protects you from mutation.
Scrolls
 i - a scroll of identify {unknown}
 j - a scroll of random uselessness {unknown}
Potions
 c - a potion of mutation
 d - a potion of lignification
 e - a potion of cancellation
 f - a potion of brilliance
Comestibles
 h - 2 rations


   Skills:
 + Level 1.5 Fighting
 + Level 3.3 Dodging
 + Level 2.4 Stealth


You couldn't memorise any spells.
You didn't know any spells.
Your spell library was empty.

Dungeon Overview and Level Annotations

Branches:
Dungeon (1/15)

Altars:


Innate Abilities, Weirdness & Mutations

You take but a single point of damage from any source Healing from other sources has reduced effect on you You are immune to poison.
You can survive without breathing.
You are immune to negative energy. (rN+++)
You are immune to unholy pain and torment.
Your flesh is cold resistant. (rC+)
You hunger for flesh and rot when hungry.
You do not regenerate when monsters are visible.
You do not regenerate when monsters are visible.
Potions cannot restore your health.


Message History

Welcome, Someone4956 the Moonotaur Alchemist.
It is said that the Orb of Zot exists deep within this dungeon.
Press ? for a list of commands and other information.
Found a staircase leading out of the dungeon.
You open the gate.
There is an open gate here.
You now have 3 gold pieces.
i - a scroll labeled ODOIXE KACUSHRE
Found a leather armour.
A rat comes into view.
You see here a ration.
A rat is nearby!
The rat barely misses you.
You hit the rat.
You kill the rat!
h - 2 rations (gained 1)
j - a scroll labeled WUS HUXUJOEN Are you sure you want to abandon this character and quit the game? (Confirm with "yes".)

############
############[..........
.......................
############.##.....##
#.##.....# #.##..####
####### #.##@.# .....
## #.##..# #######.#
#.##.... #.....#.#
#.##.#### #..<..#.#
#.#... #.....#.#
#.####### #.....#.#
#.......# ##'''##.#
#######.#
........###########.#


There were no monsters in sight!

Vanquished Creatures
  A rat (D:1)
1 creature vanquished.

Notes
Turn   | Place    | Note
-------+----------+-------------------------------------------
     0 | D:1      | Someone4956 the Moonotaur Alchemist began the quest for the
                  | Orb.
     0 | D:1      | Reached XP level 1. HP: 2/2 MP: 1/1
    59 | D:1      | Quit the game

Levels and vault maps discovered:
D:1:      dpeg_arrival_windows_large_door, layout_basic

Action                   || total
-------------------------++-------
Melee: Dagger            ||     1
Dodge: Dodged            ||     1

Table legend:
 A = Non-vault XP
 B = Vault XP
 C = Vault XP percentage of total XP
 D = Non-vault monster count
 E = Vault monster count
 F = Vault count percentage of total count
                 A         B        C        D         E       F
            +---------+---------+-------+---------+---------+-------
      Total |       1 |       0 |   0.0 |       1 |       0 |   0.0
            +---------+---------+-------+---------+---------+-------
        D:1 |       1 |       0 |   0.0 |       1 |       0 |   0.0
            +---------+---------+-------+---------+---------+-------
